TOP OF THE 1ST |
Olympia Ogres batting - Pitching for Tacoma Fur Traders : LHP Paddy de Klerk
|
Pitching: LHP Paddy de Klerk
|
|
Batting: RHB Adam Castro
|
0-0: Ball 1-0: Foul Ball, location: 2F 1-1: Foul Ball, location: 2F 1-2: Fly out, F8 (Flyball, 8RXD, EV 87.5 MPH)
|
Batting: LHB Robby Sinor
|
0-0: Swinging Strike 0-1: Ball 1-1: Ball 2-1: Ball 3-1: Base on Balls
|
Batting: RHB Meshach Ashpenaz
|
0-0: Ball Robby Sinor is caught stealing 2nd base 2-4 1-0: Ball 2-0: Foul Ball, location: 2F 2-1: Foul Ball, location: 2F 2-2: Ball 3-2: Foul Ball, location: 2F 3-2: Foul Ball, location: 2F 3-2: Base on Balls
|
Batting: RHB Sayed Walid
|
0-0: Ball 1-0: Called Strike Meshach Ashpenaz steals 2nd base 1-1: Ball 2-1: Ball 3-1: Base on Balls
|
Batting: RHB Chico Custardoi
|
0-0: Foul Ball, location: 2F 0-1: Swinging Strike 0-2: Fielders Choice at 2nd, 5-4 (Groundball, 56, EV 78.8 MPH)
|
Top of the 1st over - 0 runs, 0 hits, 0 errors, 2 left on base; Olympia 0 - Tacoma 0 |
BOTTOM OF THE 1ST |
Tacoma Fur Traders batting - Pitching for Olympia Ogres : RHP Mei Zhào
|
Pitching: RHP Mei Zhào
|
|
Batting: RHB Fernando Acevedo
|
0-0: Ball 1-0: Foul Ball, location: 2F 1-1: Ball 2-1: Foul Ball, location: 2F 2-2: Fly out, F8 (Line Drive, 8RD, EV 97.5 MPH)
|
Batting: LHB Sherman Hoffman
|
0-0: Called Strike 0-1: Fly out, F9 (Flyball, 89D, EV 101.9 MPH)
|
Batting: RHB Chris Hall
|
0-0: Swinging Strike 0-1: Ball 1-1: Foul Ball, location: 2F 1-2: Foul Ball, location: 2F 1-2: Ground out 6-3 (Groundball, 56, EV 91.2 MPH)
|
Bottom of the 1st over - 0 runs, 0 hits, 0 errors, 0 left on base; Olympia 0 - Tacoma 0 |
TOP OF THE 2ND |
Olympia Ogres batting - Pitching for Tacoma Fur Traders : LHP Paddy de Klerk
|
Batting: RHB Myeong-keun Kim
|
0-0: Swinging Strike 0-1: Foul Ball, location: 2F 0-2: Ball 1-2: Strikes out swinging
|
Batting: RHB Albert McBride
|
0-0: Ball 1-0: Ball 2-0: Foul Ball, location: 2F 2-1: Swinging Strike 2-2: Ball 3-2: Strikes out swinging
|
Batting: LHB Gabriel Anaya
|
0-0: Ball 1-0: Called Strike 1-1: Foul Ball, location: 2F 1-2: Strikes out swinging
|
Top of the 2nd over - 0 runs, 0 hits, 0 errors, 0 left on base; Olympia 0 - Tacoma 0 |
BOTTOM OF THE 2ND |
Tacoma Fur Traders batting - Pitching for Olympia Ogres : RHP Mei Zhào
|
Batting: LHB Stanley Zijm
|
0-0: Ball 1-0: Swinging Strike 1-1: Ball 2-1: Swinging Strike 2-2: Fly out, F5 (Popup, 6, EV 60.6 MPH)
|
Batting: RHB Nick Harper
|
0-0: Ball 1-0: Ball 2-0: Ball 3-0: Called Strike 3-1: Base on Balls
|
Batting: SHB Mark Boyle
|
0-0: Ball 1-0: Ball 2-0: Ball 3-0: Called Strike 3-1: Foul Ball, location: 2F 3-2: Fly out, F8 (Flyball, 78XD, EV 86.2 MPH)
|
Batting: RHB Elmer Kent
|
0-0: Fielders Choice at 2nd, 6-4 (Groundball, 6, EV 84.4 MPH)
|
Bottom of the 2nd over - 0 runs, 0 hits, 0 errors, 1 left on base; Olympia 0 - Tacoma 0 |
TOP OF THE 3RD |
Olympia Ogres batting - Pitching for Tacoma Fur Traders : LHP Paddy de Klerk
|
Batting: RHB Jorge Cruz
|
0-0: Ball 1-0: Ball 2-0: Called Strike 2-1: SINGLE (Groundball, 6MD, EV 106.2 MPH)
|
Batting: RHB Adam Castro
|
0-0: Ball 1-0: Swinging Strike 1-1: Ball 2-1: Foul Ball, location: 2F 2-2: Foul Ball, location: 2F 2-2: Strikes out looking
|
Batting: LHB Robby Sinor
|
0-0: Ball 1-0: Fly out, F7 (Flyball, 7S, EV 83.1 MPH)
|
Batting: RHB Meshach Ashpenaz
|
0-0: Ball Wild Pitch! Jorge Cruz to second 1-0: Foul Ball, location: 2F 1-1: Fly out, F7 (Flyball, 7D, EV 104.4 MPH)
|
Top of the 3rd over - 0 runs, 1 hit, 0 errors, 1 left on base; Olympia 0 - Tacoma 0 |
BOTTOM OF THE 3RD |
Tacoma Fur Traders batting - Pitching for Olympia Ogres : RHP Mei Zhào
|
Batting: RHB Wen-hua Zhào
|
0-0: Ball 1-0: Ball 2-0: Ball 3-0: Base on Balls
|
Batting: RHB Reynaldo Suárez
|
0-0: Swinging Strike 0-1: Ball 1-1: Foul Ball, location: 2F 1-2: Ball 2-2: Strikes out swinging
|
Batting: RHB Fernando Acevedo
|
0-0: Foul Ball, location: 2F 0-1: Fly out, F7 (Line Drive, 7, EV 84.4 MPH)
|
Batting: LHB Sherman Hoffman
|
0-0: Ball 1-0: Ball 2-0: Ball 3-0: Swinging Strike 3-1: Base on Balls Wen-hua Zhào to second
|
Batting: RHB Chris Hall
|
0-0: Ball 1-0: Ball 2-0: Foul Ball, location: 2F 2-1: Ball 3-1: Fly out, F7 (Flyball, 7LM, EV 90.0 MPH)
|
Bottom of the 3rd over - 0 runs, 0 hits, 0 errors, 2 left on base; Olympia 0 - Tacoma 0 |
TOP OF THE 4TH |
Olympia Ogres batting - Pitching for Tacoma Fur Traders : LHP Paddy de Klerk
|
Batting: RHB Sayed Walid
|
0-0: Foul Ball, location: 2F 0-1: Fly out, F9 (Flyball, 9D, EV 86.2 MPH)
|
Batting: RHB Chico Custardoi
|
0-0: Swinging Strike 0-1: Ball 1-1: Swinging Strike 1-2: Foul Ball, location: 2F 1-2: Ball 2-2: Ground out 5-3 (Groundball, 56, EV 87.5 MPH)
|
Pitching: RHP Anthony Lang
|
|
Batting: RHB Myeong-keun Kim
|
0-0: Called Strike 0-1: Ball 1-1: Foul Ball, location: 2F 1-2: Foul Ball, location: 2F 1-2: Strikes out looking
|
Top of the 4th over - 0 runs, 0 hits, 0 errors, 0 left on base; Olympia 0 - Tacoma 0 |
BOTTOM OF THE 4TH |
Tacoma Fur Traders batting - Pitching for Olympia Ogres : RHP Mei Zhào
|
Batting: LHB Stanley Zijm
|
0-0: Ball 1-0: Ball 2-0: Called Strike 2-1: Ball 3-1: Foul Ball, location: 2F 3-2: Ground out 4-3 (Groundball, 4, EV 84.4 MPH)
|
Batting: RHB Nick Harper
|
0-0: Fly out, F5 (Popup, 5L, EV 84.4 MPH)
|
Batting: SHB Mark Boyle
|
0-0: Ball 1-0: Foul Ball, location: 2F 1-1: Ball 2-1: Foul Ball, location: 2F 2-2: Fly out, F5 (Popup, 56, EV 38.8 MPH)
|
Bottom of the 4th over - 0 runs, 0 hits, 0 errors, 0 left on base; Olympia 0 - Tacoma 0 |
TOP OF THE 5TH |
Olympia Ogres batting - Pitching for Tacoma Fur Traders : RHP Anthony Lang
|
Batting: RHB Albert McBride
|
0-0: Fly out, F8 (Line Drive, 8RD, EV 89.4 MPH)
|
Batting: LHB Gabriel Anaya
|
0-0: Called Strike 0-1: Called Strike 0-2: Foul Ball, location: 2F 0-2: Ball 1-2: Fly out, F7 (Flyball, 7S, EV 85.0 MPH)
|
Batting: RHB Jorge Cruz
|
0-0: Ball 1-0: Swinging Strike 1-1: Swinging Strike 1-2: Strikes out swinging
|
Top of the 5th over - 0 runs, 0 hits, 0 errors, 0 left on base; Olympia 0 - Tacoma 0 |
BOTTOM OF THE 5TH |
Tacoma Fur Traders batting - Pitching for Olympia Ogres : RHP Mei Zhào
|
Batting: RHB Elmer Kent
|
0-0: Fly out, F9 (Flyball, 9LS, EV 86.2 MPH)
|
Batting: RHB Wen-hua Zhào
|
0-0: Swinging Strike 0-1: Swinging Strike 0-2: Strikes out swinging
|
Batting: RHB Reynaldo Suárez
|
0-0: Ball 1-0: Foul Ball, location: 2F 1-1: Ground out 6-3 (Groundball, 6, EV 87.5 MPH)
|
Bottom of the 5th over - 0 runs, 0 hits, 0 errors, 0 left on base; Olympia 0 - Tacoma 0 |
TOP OF THE 6TH |
Olympia Ogres batting - Pitching for Tacoma Fur Traders : RHP Anthony Lang
|
Batting: RHB Adam Castro
|
0-0: Called Strike 0-1: Ball 1-1: Foul Ball, location: 2F 1-2: Ball 2-2: Ball 3-2: Fly out, F9 (Flyball, 9LS, EV 77.5 MPH)
|
Batting: LHB Robby Sinor
|
0-0: Foul Ball, location: 2F 0-1: Called Strike 0-2: Foul Ball, location: 2F 0-2: Ball 1-2: Foul Ball, location: 2F 1-2: Strikes out swinging
|
Batting: RHB Meshach Ashpenaz
|
0-0: Called Strike 0-1: Ball 1-1: Foul Ball, location: 2F 1-2: Foul Ball, location: 2F 1-2: Strikes out looking and he physically ARGUES THE CALL AND IS TOSSED!
|
Top of the 6th over - 0 runs, 0 hits, 0 errors, 0 left on base; Olympia 0 - Tacoma 0 |
BOTTOM OF THE 6TH |
Tacoma Fur Traders batting - Pitching for Olympia Ogres : RHP Mei Zhào
|
Now at 3B: Curt Rovira
|
|
Batting: RHB Fernando Acevedo
|
0-0: Called Strike 0-1: Ball 1-1: Called Strike 1-2: Foul Ball, location: 2F 1-2: Ball 2-2: Strikes out looking
|
Batting: LHB Sherman Hoffman
|
0-0: Called Strike 0-1: Foul Ball, location: 2F 0-2: Foul Ball, location: 2F 0-2: Ball 1-2: Foul Ball, location: 2F 1-2: Fly out, F7 (Line Drive, 7, EV 90.0 MPH)
|
Batting: RHB Chris Hall
|
0-0: Ball 1-0: Ball 2-0: Called Strike 2-1: Ball 3-1: Foul Ball, location: 2F 3-2: Foul Ball, location: 2F 3-2: Foul Ball, location: 2F 3-2: Foul Ball, location: 2F 3-2: Strikes out swinging
|
Bottom of the 6th over - 0 runs, 0 hits, 0 errors, 0 left on base; Olympia 0 - Tacoma 0 |
TOP OF THE 7TH |
Olympia Ogres batting - Pitching for Tacoma Fur Traders : RHP Anthony Lang
|
Batting: RHB Sayed Walid
|
0-0: Ball 1-0: Foul Ball, location: 2F 1-1: Called Strike 1-2: Ball 2-2: Ball 3-2: Base on Balls
|
Pitching: RHP Ronald Wolfe
|
|
Batting: RHB Chico Custardoi
|
0-0: Ball 1-0: Ball 2-0: Swinging Strike 2-1: Foul Ball, location: 2F 2-2: Foul Ball, location: 2F 2-2: Ball 3-2: Foul Ball, location: 2F 3-2: Fielders Choice at 2nd, 4-6 (Groundball, 4, EV 83.8 MPH)
|
Batting: RHB Myeong-keun Kim
|
0-0: DOUBLE (Groundball, 5L, EV 106.9 MPH) Chico Custardoi to third
|
Batting: RHB Albert McBride
|
0-0: Called Strike 0-1: Ball 1-1: Called Strike 1-2: Ball 2-2: Strikes out swinging
|
Batting: LHB Gabriel Anaya
|
0-0: Swinging Strike 0-1: Called Strike 0-2: Ball 1-2: Foul Ball, location: 2F 1-2: Strikes out looking
|
Top of the 7th over - 0 runs, 1 hit, 0 errors, 2 left on base; Olympia 0 - Tacoma 0 |
BOTTOM OF THE 7TH |
Tacoma Fur Traders batting - Pitching for Olympia Ogres : RHP Mei Zhào
|
Batting: LHB Stanley Zijm
|
0-0: Ball 1-0: Ball 2-0: Foul Ball, location: 2F 2-1: Ground out 4-3 (Groundball, 4, EV 81.2 MPH)
|
Batting: RHB Nick Harper
|
0-0: Ball 1-0: Foul Ball, location: 2F 1-1: Swinging Strike 1-2: Foul Ball, location: 2F 1-2: Ball 2-2: Ball 3-2: Base on Balls
|
Batting: SHB Mark Boyle
|
0-0: Called Strike 0-1: Ball 1-1: Ball 2-1: Swinging Strike 2-2: Foul Ball, location: 2F 2-2: Foul Ball, location: 2F 2-2: Ball 3-2: Base on Balls Nick Harper to second
|
Batting: RHB Elmer Kent
|
0-0: Called Strike 0-1: Foul Ball, location: 2F 0-2: Grounds into double play, 6-4-3 (Groundball, 6, EV 110.0 MPH)
|
Bottom of the 7th over - 0 runs, 0 hits, 0 errors, 1 left on base; Olympia 0 - Tacoma 0 |
TOP OF THE 8TH |
Olympia Ogres batting - Pitching for Tacoma Fur Traders : RHP Ronald Wolfe
|
Batting: RHB Jorge Cruz
|
0-0: Called Strike 0-1: SINGLE (Line Drive, 8RS, EV 90.6 MPH)
|
Pitching: RHP Van Hileman
|
|
Batting: RHB Adam Castro
|
0-0: Ball 1-0: Ball 2-0: Foul Ball, location: 2F 2-1: Ball 3-1: Foul Ball, location: 2F 3-2: Strikes out looking
|
Batting: LHB Robby Sinor
|
0-0: Fly out, F5 (Line Drive, 5, EV 69.4 MPH)
|
Batting: RHB Curt Rovira
|
0-0: Ball 1-0: Ground out 4-3 (Groundball, 34D, EV 107.5 MPH)
|
Top of the 8th over - 0 runs, 1 hit, 0 errors, 1 left on base; Olympia 0 - Tacoma 0 |
BOTTOM OF THE 8TH |
Tacoma Fur Traders batting - Pitching for Olympia Ogres : RHP Mei Zhào
|
Batting: RHB Wen-hua Zhào
|
0-0: Ball 1-0: Ball 2-0: Ball 3-0: Base on Balls
|
Pitching: RHP Jesús Nasario
|
|
Batting: RHB Reynaldo Suárez
|
0-0: Ball 1-0: Called Strike 1-1: Foul Ball, location: 2F 1-2: Ball 2-2: Fly out, F9 (Flyball, 89M, EV 81.2 MPH)
|
Batting: RHB Fernando Acevedo
|
0-0: Swinging Strike 0-1: Ball 1-1: Ball 2-1: Fielders Choice at 2nd, 1-4 (Groundball, 15, EV 62.5 MPH)
|
Batting: LHB Sherman Hoffman
|
0-0: Ball Fernando Acevedo is caught stealing 2nd base 2-6
|
Bottom of the 8th over - 0 runs, 0 hits, 0 errors, 0 left on base; Olympia 0 - Tacoma 0 |
TOP OF THE 9TH |
Olympia Ogres batting - Pitching for Tacoma Fur Traders : RHP Van Hileman
|
Batting: RHB Sayed Walid
|
0-0: Called Strike 0-1: Foul Ball, location: 2F 0-2: Foul Ball, location: 2F 0-2: Ball 1-2: Ball 2-2: Strikes out swinging
|
Batting: RHB Chico Custardoi
|
0-0: Foul Ball, location: 2F 0-1: Ball 1-1: Ball 2-1: Foul Ball, location: 2F 2-2: Ball 3-2: Fly out, F7 (Flyball, 7LM, EV 89.4 MPH)
|
Batting: RHB Myeong-keun Kim
|
0-0: Called Strike 0-1: Ball 1-1: Swinging Strike 1-2: Ball 2-2: Ball 3-2: Base on Balls
|
Batting: RHB Albert McBride
|
0-0: Called Strike 0-1: Ball 1-1: Swinging Strike 1-2: Reached on error, E3 (Groundball, 3L, EV 82.5 MPH) Myeong-keun Kim to second
|
Pinch Runner at 2nd Xiao-yong Chu:
|
|
Batting: LHB Gabriel Anaya
|
0-0: Ball 1-0: Ground out 1-3 (Groundball, 34S, EV 63.8 MPH)
|
Top of the 9th over - 0 runs, 0 hits, 1 error, 2 left on base; Olympia 0 - Tacoma 0 |
BOTTOM OF THE 9TH |
Tacoma Fur Traders batting - Pitching for Olympia Ogres : RHP Jesús Nasario
|
Now at 1B: Pakarati Girawheen
|
|
Batting: LHB Sherman Hoffman
|
0-0: Ground out 4-3 (Groundball, 4, EV 104.4 MPH)
|
Batting: RHB Chris Hall
|
0-0: Called Strike 0-1: Swinging Strike 0-2: Strikes out looking
|
Batting: LHB Stanley Zijm
|
0-0: Ball 1-0: Called Strike 1-1: Swinging Strike 1-2: Strikes out swinging
|
Bottom of the 9th over - 0 runs, 0 hits, 0 errors, 0 left on base; Olympia 0 - Tacoma 0 |
TOP OF THE 10TH |
Olympia Ogres batting - Pitching for Tacoma Fur Traders : RHP Van Hileman
|
Pitching: RHP José Hernández
|
|
Pinch Hitting: RHB Ignacio González
|
0-0: Ball 1-0: Fly out, F9 (Flyball, 89S, EV 96.2 MPH)
|
Batting: RHB Adam Castro
|
0-0: Ball 1-0: Foul Ball, location: 2F 1-1: Foul Ball, location: 2F 1-2: Ground out 4-3 (Groundball, 4M, EV 78.8 MPH)
|
Batting: LHB Robby Sinor
|
0-0: Called Strike 0-1: Called Strike 0-2: Foul Ball, location: 2F 0-2: Ball 1-2: Strikes out swinging
|
Top of the 10th over - 0 runs, 0 hits, 0 errors, 0 left on base; Olympia 0 - Tacoma 0 |
BOTTOM OF THE 10TH |
Tacoma Fur Traders batting - Pitching for Olympia Ogres : RHP Jesús Nasario
|
Pitching: RHP Philip Hynes
|
|
Now at C: Jon Freelove
|
|
Batting: RHB Nick Harper
|
0-0: Ball 1-0: Ball 2-0: Foul Ball, location: 2F 2-1: Swinging Strike 2-2: Strikes out swinging
|
Batting: SHB Mark Boyle
|
0-0: Called Strike 0-1: Called Strike 0-2: Foul Ball, location: 2F 0-2: Ball 1-2: Fly out, F7 (Flyball, 78D, EV 88.1 MPH)
|
Batting: RHB Elmer Kent
|
0-0: Ball 1-0: Fly out, F9 (Flyball, 89S, EV 94.4 MPH)
|
Bottom of the 10th over - 0 runs, 0 hits, 0 errors, 0 left on base; Olympia 0 - Tacoma 0 |
TOP OF THE 11TH |
Olympia Ogres batting - Pitching for Tacoma Fur Traders : RHP José Hernández
|
Batting: RHB Curt Rovira
|
0-0: Hit by Pitch
|
Batting: RHB Sayed Walid
|
0-0: Ball Curt Rovira steals 2nd base 1-0: Intentional Walk
|
Batting: RHB Chico Custardoi
|
0-0: Ball 1-0: Ball 2-0: Grounds into double play, 5-4-3 (Groundball, 56S, EV 81.9 MPH) Curt Rovira to third
|
Batting: RHB Pakarati Girawheen
|
0-0: Ball 1-0: Ball 2-0: Called Strike 2-1: Ball 3-1: Called Strike 3-2: Foul Ball, location: 2F 3-2: Fly out, F9 (Flyball, 9, EV 78.1 MPH)
|
Top of the 11th over - 0 runs, 0 hits, 0 errors, 1 left on base; Olympia 0 - Tacoma 0 |
BOTTOM OF THE 11TH |
Tacoma Fur Traders batting - Pitching for Olympia Ogres : RHP Philip Hynes
|
Batting: RHB Wen-hua Zhào
|
0-0: Ball 1-0: Fly out, F7 (Line Drive, 7, EV 103.1 MPH)
|
Pinch Hitting: RHB António Salas
|
0-0: Ball 1-0: Called Strike 1-1: Foul Ball, location: 2F 1-2: Ball 2-2: DOUBLE (Line Drive, 89D, EV 109.4 MPH)
|
Batting: RHB Fernando Acevedo
|
0-0: Ball 1-0: Ball 2-0: Called Strike 2-1: Ball 3-1: Called Strike 3-2: Foul Ball, location: 2F 3-2: Base on Balls
|
Batting: LHB Sherman Hoffman
|
0-0: Ball António Salas steals 3rd base (no throw) Fernando Acevedo to second 1-0: SINGLE (Groundball, 4MD, EV 105.6 MPH) António Salas scores
|
 |
Friday, April 17th, 2020 - OOTP Baseball 20.8 Build 74
|
|